 Dungeon Crawl Stone Soup version 0.27-a0-343-gfcad680f63 (webtiles) character file.

Game seed: 1388204496352476524

80 jestyr24 the Skirmisher (level 4, -1/41 HPs)
             Began as a Minotaur Berserker on Feb 14, 2021.
             Was a Believer of Trog.
             Killed from afar by Sigmund (5 damage)
             ... with a puff of flame
             ... on level 2 of the Dungeon.
             The game lasted 00:03:59 (1724 turns).

jestyr24 the Skirmisher (Minotaur Berserker)        Turns: 1724, Time: 00:04:00

Health: -1/41      AC:  4    Str: 22    XL:     4   Next: 18%
Magic:  3/3        EV: 12    Int:  4    God:    Trog [**....]
Gold:   99         SH:  0    Dex: 10    Spells: 3/3 levels left

rFire    . . .     SeeInvis .   a - +0 hand axe
rCold    . . .     Faith    .   (no shield)
rNeg     . . .     Spirit   .   b - +0 animal skin
rPois    .         Reflect  .   (helmet restricted)
rElec    .         Harm     .   e - +0 cloak
rCorr    .         Rampage  .   (no gloves)
Will     .....                  f - +0 pair of boots
Stlth    +.........             (no amulet)
HPRegen  0.13/turn              (no ring)
MPRegen  0.08/turn              (no ring)

@: no status effects
A: retaliatory headbutt, horns 2
a: Renounce Religion, Berserk, Trog's Hand


You were on level 2 of the Dungeon.
You worshipped Trog.
Trog was pleased with you.
You visited 1 branch of the dungeon, and saw 2 of its levels.

You collected 99 gold pieces.

Inventory:

Hand Weapons
 a - a +0 hand axe (weapon)
Armour
 b - a +0 animal skin (worn)
 e - a +0 cloak (worn)
 f - a +0 pair of boots (worn)
 i - a +0 helmet
Scrolls
 d - a scroll of fear {unknown}
 h - a scroll of fog {unknown}
 l - 2 scrolls of teleportation {unknown}
 m - a scroll of identify {unknown}
 n - 3 scrolls of magic mapping {unknown}
 o - a scroll of immolation {unknown}
Potions
 c - a potion of degeneration {unknown}
 g - a potion of flight {unknown}
 j - a potion of heal wounds {unknown}
 k - 4 potions of curing {unknown}


   Skills:
 + Level 4.7 Fighting
 + Level 4.5 Axes
 + Level 3.1 Armour
 + Level 2.8 Dodging


You had 3 spell levels left.
You didn't know any spells.
Your spell library was empty.

Dungeon Overview and Level Annotations

Branches:
Dungeon (2/15)

Altars:
Wu Jian

Annotations:
D:2 Sigmund


Innate Abilities, Weirdness & Mutations

You reflexively headbutt those who attack you in melee.
You have a pair of horns on your head.


Message History

Sigmund casts a spell at you.
You are confused.
You barely miss Sigmund. Your headbutt misses Sigmund.
Sigmund is almost dead.
Sigmund hits you with a +0 scythe.
Sigmund screams, "Only death can liberate you!"
Sigmund closely misses you.
You barely miss Sigmund. Your headbutt misses Sigmund.
Sigmund is almost dead.
Sigmund gestures at himself while chanting.
Sigmund flickers and vanishes!
Deactivating autopickup; reactivate with Ctrl-A.
You miss something.
You hear some strange, mumbled words.
You are more confused.
Something hits you but does no damage.
You hear some strange, mumbled words.
Something tries to affect you, but you resist.
Found a stone staircase leading up.
You hear some strange, mumbled words.
A puff of flame appears from out of thin air!
The puff of flame misses you. Something hits you. Something hits you.
You're too confused to move!
Something hits you but does no damage.
You hear some strange, mumbled words.
Something tries to affect you, but you resist.
You feel less confused. Something hits you.
You barely miss something. Your headbutt misses something. Something hits you!
* * * LOW HITPOINT WARNING * * *
You closely miss something. Something hits you.
* * * LOW HITPOINT WARNING * * *
You miss something. You miss something.
You hear some strange, mumbled words.
A puff of flame appears from out of thin air!
The puff of flame hits you.
You die...

# ##.....#.#...##...
#.##.......#...###.#
#.......##(#...# #
####..####.....#
#.### .......
######...# #.###)##
#........#.#
#.....†....#
#....@{.#.....
#.......#.....
#.........$...
#.......#.....
#.......#...<.
#..[...)# ...
#.......# ...
####<#### ##


There were no monsters in sight!

Vanquished Creatures
  2 adders (D:2)
  A gnoll (D:1)
  2 dart slugs (D:1)
  A worm (D:2)
  A leopard gecko (D:2)
  6 bats
  8 goblins
  3 hobgoblins
  4 jackals (D:1)
  9 kobolds
  5 frilled lizards
  4 rats
46 creatures vanquished.

Notes
Turn   | Place    | Note
-------+----------+-------------------------------------------
     0 | D:1      | jestyr24 the Minotaur Berserker began the quest for the
                  | Orb.
     0 | D:1      | Reached XP level 1. HP: 19/19 MP: 0/0
   299 | D:1      | Reached XP level 2. HP: 23/27 MP: 1/1
   596 | D:1      | Reached XP level 3. HP: 31/33 MP: 2/2
  1009 | D:1      | Reached ** piety under Trog
  1481 | D:2      | Found an ornate altar of the Wu Jian Council.
  1641 | D:2      | Reached XP level 4. HP: 39/41 MP: 3/3
  1683 | D:2      | Noticed Sigmund
  1724 | D:2      | Killed from afar by Sigmund

Illustrated notes

Levels and vault maps discovered:
D:1:      minmay_arrival_jagged, layout_loops_ring, serial_aquarium,
          aquarium_bridge_square [aquarium_subvault_bridge,
          aquarium_subvault_window, aquarium_subvault_wall,
          aquarium_subvault_bridge], aquarium_bridge_long_separate
          [aquarium_subvault_window, aquarium_subvault_bridge,
          aquarium_subvault_bridge, aquarium_subvault_bridge,
          aquarium_subvault_wall, aquarium_subvault_wall],
          aquarium_window_corridor_3, aquarium_window_2, aquarium_window_2,
          aquarium_view_2a, aquarium_view_2c, minmay_stone_trees_medium
D:2:      layout_basic, lemuel_doored_altar, uniq_sigmund

Skill      XL: |  1  2 |
---------------+-------+-----
Fighting       | 4 |  4.7
Axes           | 4 |  4.5
Armour         | 3 |  3.1
Dodging        | |  2.8

Action                   |  1- 3 |  4- 6 || total
-------------------------+-------+-------++-------
Melee: Hand axe          |    71 |    22 ||    93
       Headbutt          |    12 |     4 ||    16
Armor: Animal skin       |    14 |     8 ||    22
Dodge: Dodged            |    46 |    15 ||    61

Table legend: (Time is in decaauts)
 A = Elapsed time spent in this place.
 B = Non-inter-level travel time spent in this place.
 C = Inter-level travel time spent in this place.
 D = Time resting spent in this place.
 E = Time spent auto-exploring this place.
 F = Levels seen in this place.
 G = Mean time per level.
                   A        B        C        D        E       F      G
               +--------+--------+--------+--------+--------+-----+--------+
         Total |   1732 |   1657 |     75 |    363 |    927 |   2 |  866.0 |
       Dungeon |   1732 |   1657 |     75 |    363 |    927 |   2 |  866.0 |
               +--------+--------+--------+--------+--------+-----+--------+

Top non-repeatable levels by time:
     D:1: 1469 daAuts
     D:2: 262 daAuts
